AoeStats
← [YOBA] ♂️CUM♂️BACK

Arabia

506745293Analyzed
1v1 RM · 17d ago on Sep 14, 2026· 38m 2s· 2 players
Game mode
Random Map
Map size
Tiny (2 player)
Population
200
Speed
Normal
Resources
Standard
Victory
Conquest
Starting age
Dark Age
Ending age
Imperial Age
RankedLock teamsTeams togetherTeam positionsShared explorationLock speedFull tech treeHidden civsTurbo modeCheats
Victory
Defeat
🇹🇼 Persians · Taiwan
1409
+14
1362
-14
[YOBA] ♂️CUM♂️BACK
0:45 Loom
10:35 Feudal Age
11:08 Double-Bit Axe
11:06 Horse Collar
19:23 Castle Age
17:46 Scale Mail Armor
19:09 Stone Mining
20:51 Bow Saw
20:46 Heavy Plow
21:33 Squires
20:55 Pikeman
28:21 Wheelbarrow
28:47 Town Watch
30:06 Forging
31:55 Chain Mail Armor
31:53 Gold Mining
35:32 Imperial Age
33:59 Hand Cart
34:21 Man-at-Arms
35:48 Iron Casting
35:30 Fletching
35:50 Anarchy
35:48 Elite Huskarl
36:05 Elite Skirmisher
37:30 Bodkin Arrow
www
5:43 Loom
6:39 Loom
8:59 Feudal Age
9:25 Double-Bit Axe
9:23 Horse Collar
17:52 Castle Age
16:13 Gold Mining
16:43 Fletching
17:47 Wheelbarrow
17:39 Padded Archer Armor
18:49 Bow Saw
19:36 Bodkin Arrow
21:48 Husbandry
24:06 Bloodlines
26:10 Town Watch
26:41 Hand Cart
30:53 Imperial Age
30:55 Murder Holes
32:14 Chemistry
32:03 Conscription
32:35 Ballistics
36:58 Leather Archer Armor
36:54 Forging
36:45 Scale Mail Armor
Connection lost

Rejoining the realm…

Still unreachable

The connection could not be restored.

Session expired

The server has moved on; the page needs a fresh start.